Map: Oxide LE

Players

Serral

  • Race: Zerg Zerg

cure - Winner!

  • Race: Terran Terran

Event: TSL 7

VOD

Have the link to the VOD?

Description

Time

  • Played on: June 26, 2021, 12:01 p.m.
  • Length: 11:07

All games in this series

Show
View Real Time Build Order
Export as new Build Order

Serral Zerg 

Build Orders: Hatch First 

Get SALT Encoding   

  12  0:00  Drone  
  13  0:12  Overlord  
  13  0:17  Drone  
  14  0:31  Drone x2  
  16  0:49  Hatchery  
  15  0:52  Drone  
  15  0:55  Drone  
  17  0:59  Drone  
  18  1:09  Extractor  
  17  1:14  Spawning Pool  
  17  1:17  Drone  
  17  1:20  Drone  
  18  1:28  Drone  
  19  1:39  Drone  
  20  1:50  Overlord  
  20  2:01  Queen x2, Zergling x2  
  22  2:02  Zergling x2  
  26  2:11  Drone x2  
  28  2:22  Drone x2  
  30  2:36  Queen  
  30  2:37  Drone x2  
  30  2:43  Overlord  
  34  2:45  Drone  
  35  2:54  Drone, Hatchery  
  35  2:55  Drone  
  36  3:03  Roach Warren  
  36  3:05  Drone  
  36  3:06  Drone  
  36  3:09  Drone  
  36  3:10  Drone  
  36  3:11  Drone  
  40  3:14  Drone  
  40  3:15  Drone  
  40  3:17  Drone  
  43  3:20  Overlord  
  43  3:24  Overlord  
  43  3:28  Overlord  
  43  3:43  Roach x3  
  43  3:45  Roach x2  
  43  3:46  Roach  
  57  3:48  Roach x2  
  57  3:55  Roach  
  61  3:56  Queen  
  61  4:01  Overlord  
  63  4:05  Drone x2  
  63  4:07  Drone  
  66  4:12  Drone x3  
  66  4:17  Overlord  
  69  4:18  Drone x2  
  69  4:19  Drone x3  
  74  4:24  Queen  
  74  4:28  Overlord  
  76  4:35  Lair  
  76  4:36  Overlord  
  76  4:37  Extractor  
  75  4:38  Drone  
  75  4:39  Drone  
  75  4:42  Drone x2  
  79  4:46  Drone x2  
  79  4:49  Drone x2  
  79  4:51  Drone  
  84  4:54  Extractor  
  84  4:55  Extractor  
  84  4:59  Drone  
  81  5:01  Drone  
  81  5:02  Drone  
  81  5:03  Drone  
  81  5:05  Drone x2  
  74  5:07  Drone  
  74  5:12  Roach  
  73  5:15  Spore Crawler  
  73  5:16  Roach x2  
  76  5:23  Drone x4  
  76  5:24  Extractor x2, Spore Crawler  
  76  5:25  Drone  
  76  5:27  Drone  
  79  5:31  Extractor  
  79  5:33  Drone  
  79  5:36  Drone  
  79  5:37  Drone  
  79  5:39  Hatchery  
  79  5:41  Glial Reconstitution  
  79  5:42  Drone x2  
  83  5:44  Overlord  
  83  5:48  Overlord  
  83  5:53  Roach x3  
  83  5:55  Roach  
  83  5:56  Queen, Roach x2  
  89  6:00  Overlord  
  89  6:02  Overlord  
  88  6:09  Queen, Spore Crawler  
  88  6:10  Ravager x3  
  90  6:12  Roach x4  
  90  6:15  Overlord  
  90  6:20  Drone x4  
  90  6:25  Drone  
  87  6:27  Drone x2  
  82  6:33  Drone x3  
  82  6:37  Drone  
  82  6:38  Drone x2  
  88  6:40  Drone x2  
  88  6:42  Ravager x2  
  88  6:44  Drone  
  90  6:49  Drone x2  
  90  6:50  Drone  
  90  6:52  Drone  
  92  6:57  Evolution Chamber x2  
  92  6:59  Drone  
  92  7:00  Drone  
  92  7:03  Infestation Pit  
  92  7:05  Drone x4  
  92  7:07  Drone x2  
  97  7:10  Queen  
  100  7:15  Drone x4  
  100  7:18  Metabolic Boost  
  103  7:26  Baneling Nest  
  103  7:28  Zerg Melee Weapons Level 1, Zerg Ground Armor Level 1  
  101  7:33  Roach  
  101  7:34  Roach x2  
  111  7:37  Roach x3  
  113  7:44  Hive  
  113  7:45  Drone  
  110  7:55  Roach x4  
  116  7:59  Drone x5  
  116  8:00  Drone x5  
  116  8:01  Drone  
  123  8:07  Zergling x10  
  128  8:14  Overlord x2  
  128  8:18  Overlord  
  128  8:19  Centrifical Hooks  
  128  8:28  Queen  
  128  8:33  Zergling x2  
  128  8:34  Zergling x16  
  132  8:40  Queen x2  
  134  8:42  Zergling x2  
  134  8:43  Zergling x2  
  134  8:48  Zergling x4  
  138  8:51  Zergling x4  
  140  8:57  Overlord  
  140  8:58  Zergling x2  
  140  8:59  Zergling x8  
  140  9:00  Viper x2  
  140  9:01  Adrenal Glands  
  151  9:08  Zergling x8  
  151  9:09  Zergling x2  
  147  9:19  Zergling x8  
  145  9:25  Zergling x10  
  145  9:26  Zergling x2  
  145  9:29  Zergling x8  
  145  9:30  Baneling x6  
  155  9:35  Ultralisk Cavern  
  153  9:41  Zergling x2  
  153  9:42  Zergling x10  
  153  9:45  Zergling x6  
  157  9:52  Zergling x10  
  153  9:57  Baneling x2  
  153  9:58  Baneling x6  
  150  10:01  Hatchery, Baneling x5  
  150  10:02  Zergling x18  
  148  10:10  Zergling x6  
  135  10:15  Baneling x10  
  135  10:17  Ravager x3  
  135  10:18  Ravager x5  
  135  10:20  Overlord  
  142  10:24  Zergling x6  
  144  10:34  Zergling x8  
  144  10:35  Zergling x4  
  137  10:44  Zergling x2  
  137  10:45  Zergling x4  
  128  10:50  Zergling x6  
Show
View Real Time Build Order
Export as new Build Order

cure Terran - Winner!

Build Orders: Reaper Expand 

Get SALT Encoding   

  12  0:00  SCV  
  13  0:12  SCV  
  14  0:17  Supply Depot  
  14  0:24  SCV  
  15  0:38  SCV  
  15  0:39  Barracks  
  15  0:42  Refinery  
  16  0:50  SCV  
  17  1:03  SCV  
  18  1:15  SCV  
  19  1:26  Reaper  
  19  1:27  Orbital Command  
  20  1:38  Command Center  
  20  1:46  Supply Depot  
  20  1:53  SCV  
  21  1:58  Marine  
  22  2:05  SCV  
  23  2:10  Factory  
  23  2:17  SCV  
  23  2:19  Barracks Reactor  
  24  2:29  SCV  
  25  2:40  Command Center  
  25  2:41  SCV  
  26  2:50  Orbital Command  
  26  2:53  SCV  
  27  3:02  Starport  
  28  3:05  SCV  
  28  3:06  Marine  
  29  3:13  Refinery  
  29  3:15  Hellion x2  
  29  3:18  SCV  
  34  3:28  SCV  
  34  3:30  SCV  
  36  3:37  Hellion x2  
  36  3:40  SCV, Viking  
  43  3:42  SCV  
  43  3:45  Barracks Tech Lab  
  44  3:51  Orbital Command  
  44  3:54  SCV x2  
  46  4:01  Hellion x2  
  46  4:02  Supply Depot  
  50  4:09  SCV x2, Liberator  
  52  4:16  Orbital Command  
  55  4:18  Supply Depot  
  55  4:21  SCV x2  
  55  4:24  Hellion x2, Marine  
  61  4:27  Supply Depot  
  62  4:34  Concussive Shells  
  62  4:39  Bunker  
  62  4:42  Marauder  
  62  4:43  SCV x2, Bunker  
  60  4:49  Hellion x2  
  61  4:56  SCV  
  61  4:57  SCV  
  58  5:01  SCV  
  58  5:03  Marauder  
  53  5:09  SCV x2  
  53  5:13  SCV  
  53  5:16  Factory Reactor  
  53  5:19  Supply Depot  
  53  5:21  SCV x2, Stimpack  
  55  5:22  Starport Reactor  
  55  5:24  Barracks x2, Marine  
  55  5:25  SCV  
  57  5:30  Refinery  
  57  5:33  SCV x2  
  59  5:38  SCV  
  59  5:42  Marine  
  61  5:45  Engineering Bay  
  61  5:46  Refinery, SCV x2, Engineering Bay  
  63  5:50  SCV  
  64  5:58  SCV x2  
  64  6:00  Marine  
  64  6:02  SCV  
  68  6:08  Supply Depot  
  68  6:10  Factory Tech Lab  
  68  6:11  SCV x2  
  68  6:14  SCV, Terran Infantry Weapons Level 1  
  68  6:15  Terran Infantry Armor Level 1  
  68  6:16  Marine x2  
  68  6:18  Marine  
  68  6:31  Marine x2  
  68  6:32  Medivac, Siege Tank  
  67  6:34  Marine x2  
  67  6:35  SCV x3  
  67  6:36  Marine  
  67  6:39  Medivac  
  77  6:42  Barracks  
  77  6:46  Barracks  
  77  6:50  SCV x3  
  77  6:54  Marine x5  
  79  7:00  Combat Shield  
  82  7:02  SCV x2  
  82  7:03  SCV  
  82  7:04  Supply Depot  
  82  7:05  Supply Depot  
  82  7:06  Siege Tank  
  88  7:14  Refinery, SCV x2  
  88  7:15  Refinery, SCV  
  91  7:17  Supply Depot  
  91  7:21  Armory  
  91  7:22  Marine x2  
  93  7:25  Marine x3  
  96  7:35  SCV x3  
  96  7:36  Barracks Tech Lab x2, Medivac  
  100  7:44  Marine x4  
  100  7:45  Marauder  
  100  7:50  SCV x2  
  100  7:51  SCV  
  108  7:57  Supply Depot  
  108  7:58  Supply Depot  
  107  8:02  Marauder x2, Marine x2, Siege Tank  
  115  8:06  Medivac  
  117  8:13  Bunker  
  117  8:19  Marauder, Medivac  
  121  8:21  Marine x4  
  121  8:23  Marauder  
  127  8:28  SCV x3  
  127  8:29  Missile Turret  
  127  8:31  Supply Depot x2  
  126  8:37  Terran Infantry Armor Level 2, Terran Infantry Weapons Level 2  
  125  8:45  Medivac  
  127  8:49  Siege Tank, Supply Depot  
  127  8:50  Supply Depot  
  127  8:52  Marauder  
  127  8:53  Supply Depot  
  127  8:54  Marauder x2, Marine x4, Supply Depot  
  140  9:01  SCV x2  
  140  9:02  SCV  
  143  9:21  Marauder x3, Marine x4, Medivac x2  
  152  9:25  Supply Depot  
  152  9:26  Supply Depot, Siege Tank  
  154  9:43  Marauder x2, Marine x4, Command Center  
  154  9:44  Marauder  
  154  9:58  Siege Tank  
  157  10:05  Marauder x3, Marine x4  
  163  10:08  SCV x2  
  163  10:12  Medivac x2  
  163  10:21  Barracks x2  
  163  10:24  Barracks  
  160  10:29  Marine x2  
  160  10:30  Marauder x3, Marine x2, Siege Tank  
Tags
 
Add a new tag
Caveats
  • Supply blocks, unpowered buildings, or Contaminate may cause inaccurate times.
  • Supply counts are checked every 10 seconds.